 Dungeon Crawl Stone Soup version 0.29.0-4-gdea44cf6ec (webtiles) character file.

Game seed: 8613510102750742246

15346 Mahakala the Severer (level 12, 0/112 HPs)
             Began as a Minotaur Berserker on Aug 27, 2022.
             Was a Priest of Trog.
             Slain by a seven-headed hydra (5 damage)
             ... on level 11 of the Dungeon.
             The game lasted 00:34:36 (12728 turns).

Mahakala the Severer (Minotaur Berserker)          Turns: 12728, Time: 00:34:37

Health: 0/112      AC: 13    Str: 31    XL:     12   Next: 0%
Magic:  0/11       EV:  3    Int:  4    God:    Trog [***...]
Gold:   646        SH: 28    Dex: 12    Spells: 11/11 levels left

rFire   . . .      SeeInvis .   M - +2 war axe (elec)
rCold   . . .      Faith    .   J - +18 shield of the Gong {rElec rN+ Will+ EV-5}
rNeg    + . .      Spirit   +   q - +1 chain mail
rPois   .          Reflect  .   (helmet restricted)
rElec   +          Harm     .   (no cloak)
rCorr   .          Rampage  .   (no gloves)
Will    +++..                   (no boots)
Stlth   ..........              z - amulet of guardian spirit
HPRegen 1.28/turn               O - +6 ring of strength
MPRegen 0.12/turn               (no ring)

@: strong-willed, on berserk cooldown, regenerating
A: horns 2, retaliatory headbutt
a: Renounce Religion, Berserk, Trog's Hand


You were on level 11 of the Dungeon.
You worshipped Trog.
Trog was most pleased with you.
You visited 1 branch of the dungeon, and saw 11 of its levels.
You also visited: Bailey.

You collected 646 gold pieces.

Inventory:

Hand Weapons
 a - a +0 war axe
 y - a +0 battleaxe
 M - a +2 war axe of electrocution (weapon)
Missiles
 c - 27 poisoned darts
 e - 77 stones
 h - 27 boomerangs
 x - a throwing net {!f}
 F - 2 javelins (quivered)
 L - 4 atropa-tipped darts {!f}
Armour
 d - a +0 buckler
 q - a +1 chain mail (worn)
 J - the +18 shield of the Gong (worn) {rElec rN+ Will+ EV-5}
   (You took it off a kobold in a bailey)

   It is deafeningly noisy when blocking attacks.
   EV:        It affects your evasion (-5).
   rElec:     It insulates you from electricity.
   rN:        It protects you from negative energy.
   Will:      It increases your willpower.
Jewellery
 z - an amulet of guardian spirit (around neck)
 O - a +6 ring of strength (left hand)
Wands
 m - a wand of mindburst (18)
 u - a wand of polymorph (7)
 v - a wand of digging (3)
 w - a wand of charming (20)
Scrolls
 f - a scroll of amnesia
 j - a scroll of teleportation {unknown}
 k - a scroll of fear {unknown}
 l - 3 scrolls of poison {!r}
 n - 2 scrolls of noise {unknown}
 r - 2 scrolls of enchant armour
 s - a scroll of magic mapping {unknown}
 t - 5 scrolls of identify {@r1}
 B - 2 scrolls of summoning {unknown}
 D - a scroll of torment {unknown}
 E - 2 scrolls of fog {unknown}
 H - a scroll of enchant weapon {unknown}
 I - a scroll of blinking {unknown}
 K - a scroll of silence {unknown}
Potions
 b - 4 potions of resistance
 g - 4 potions of lignification {!q}
 i - a potion of heal wounds {@q2}
 o - a potion of degeneration {unknown}
 p - 2 potions of attraction {unknown}
 A - 3 potions of might
 C - 3 potions of curing {@q1}
 G - 2 potions of mutation {unknown}
 N - 2 potions of magic {unknown}


   Skills:
 + Level 11.9 Fighting
 - Level 16.0 Axes
 + Level 11.4 Armour
 - Level 2.1 Dodging
 + Level 6.8 Shields


You had 11 spell levels left.
You didn't know any spells.
Your spell library was empty.

Dungeon Overview and Level Annotations

Branches:
Dungeon (11/15)            Temple (0/1) D:6             Orc (0/2) D:9
 Bailey (visited)
   Lair: D:8-11

Altars:
Dithmenos
Kikubaaqudgha
Makhleb
Trog
Uskayaw
Xom

Annotations:
D:4 3 runed translucent doors, Mahakala's ghost, amateur GrMo
D:8 2 transporters, 12572944's ghost, novice HOFi
D:9 1 runed translucent door


Innate Abilities, Weirdness & Mutations

You have a pair of horns on your head.
You reflexively headbutt those who attack you in melee.


Message History

The seven-headed hydra bites you.
* * * LOW HITPOINT WARNING * * *
You block the seven-headed hydra's attack.
PANG!
The seven-headed hydra bites you.
* * * LOW HITPOINT WARNING * * *
You block the seven-headed hydra's attack.
GONNNNG!
You block the seven-headed hydra's attack.
BOUMMMMG!
The seven-headed hydra completely misses you.
You hear an angry buzzing noise.
Things that are here:
3 large rocks; a cyclops corpse Your ogre hits the seven-headed hydra with a +0 giant club!
The seven-headed hydra bites your ogre!
The seven-headed hydra bites your ogre. x3
The seven-headed hydra bites your ogre!
The seven-headed hydra bites your ogre!!
Your ogre dies!
Your ogre's corpse disappears in a puff of smoke!
The seven-headed hydra roars!
Unknown command.
Your skin crawls.
You feel strong-willed.
You can no longer call in reinforcements.
You feel yourself speed up.
You block the seven-headed hydra's attack.
GONNNNG!
You block the seven-headed hydra's attack.
SHROANNG!
The seven-headed hydra bites you!
* * * LOW HITPOINT WARNING * * *
The seven-headed hydra bites you!
* * * LOW HITPOINT WARNING * * *
The seven-headed hydra bites you.
* * * LOW HITPOINT WARNING * * *
You block the seven-headed hydra's attack.
PTOANNNG!
The seven-headed hydra bites you.
You die...

#).# #(# #####.# #...).##
##..##...(## # #.#
#####..# ##....## .## #...
..#..# #.##(.###.###..#
..'.## ##.###D.(.......#
..#..### ##.##
#@.........# #####..###..#
#.....#.#..## .##
###..##.# #)..........#
..# ####...# #.#.#.#####.#
..# ##..##### #.#)..#...#
#.###......# ###.#.#.'.⌠.+
...<.......###.....#.#...#
............##.....#.#####
...................#..


You could see a seven-headed hydra.

Vanquished Creatures
  4 two-headed ogres
  A boulder beetle (D:11)
  A cyclops (D:11)
  A troll (D:9)
  Sigmund (D:4)
  A shadow (D:6)
  12 yaks
  2 wyverns (D:9)
  A wraith (D:11)
  6 steam dragons
  Menkaure (D:7)
  4 vampire mosquitoes (D:11)
  Edmund (D:4)
  An acid dragon (D:11)
  3 water moccasins
  A black bear (D:5)
  An ice beast (D:7)
  13 orc warriors
  4 ogres
  3 centaurs
  A phantom (D:7)
  7 kobold brigands
  A bullfrog (D:8)
  2 necrophages
  3 scorpions
  3 wights (D:7)
  17 killer bees
  A lava snake (D:8)
  7 howler monkeys
  5 hounds
  8 orc priests
  3 gnoll boudas
  5 iguanas
  10 orc wizards
  15 gnolls
  9 adders
  2 worms (D:2)
  2 dart slugs
  63 orcs
  4 endoplasms
  3 giant cockroaches (D:4)
  10 goblins
  2 hobgoblins
  6 quokkas
  4 ball pythons
  5 bats (D:1)
  3 frilled lizards
  22 kobolds
  5 rats
290 creatures vanquished.

Vanquished Creatures (collateral kills)
  A hydra (D:11)
  A two-headed ogre (D:11)
  A manticore (D:11)
  A troll (D:11)
  A slime creature (D:11)
  A basilisk (D:11)
6 creatures vanquished.

Vanquished Creatures (others)
  A human (D:5)
  An orc wizard (D:8)
  11 fungi (D:10)
  2 plants (D:4)
15 creatures vanquished.

Grand Total: 311 creatures vanquished

Notes
Turn   | Place    | Note
-------+----------+-------------------------------------------
     0 | D:1      | Mahakala the Minotaur Berserker began the quest for the
                  | Orb.
     0 | D:1      | Reached XP level 1. HP: 19/19 MP: 0/0
   379 | D:1      | Reached skill level 4 in Axes
   379 | D:1      | Reached XP level 2. HP: 27/27 MP: 1/1
   574 | D:1      | Found a faded altar of an unknown god.
   891 | D:2      | Reached XP level 3. HP: 33/33 MP: 2/2
  1035 | D:2      | Found a shadowy altar of Dithmenos.
  1394 | D:2      | Reached XP level 4. HP: 27/40 MP: 3/3
  1612 | D:2      | Reached skill level 5 in Axes
  2432 | D:2      | Reached ** piety under Trog
  2601 | D:3      | Reached XP level 5. HP: 46/47 MP: 4/4
  2933 | D:4      | Found a runed translucent gate.
  2933 | D:4      | Found a runed translucent gate.
  2969 | D:4      | Reached skill level 6 in Axes
  3059 | D:4      | Found a runed translucent gate.
  3060 | D:4      | Noticed Mahakala's ghost (amateur GrMo)
  3078 | D:4      | Reached skill level 5 in Fighting
  3085 | D:4      | Reached XP level 6. HP: 56/56 MP: 5/5
  3271 | D:4      | Noticed Sigmund
  3271 | D:4      | Noticed Edmund
  3325 | D:4      | Killed Edmund
  3326 | D:4      | Reached skill level 7 in Axes
  3326 | D:4      | Reached XP level 7. HP: 62/62 MP: 6/6
  3335 | D:4      | Killed Sigmund
  3336 | D:4      | Reached skill level 5 in Armour
  3408 | D:4      | Noticed a +0 dagger
  3408 | D:4      | Noticed a +0 dagger
  3636 | D:4      | Found a hide-covered altar of Uskayaw.
  3741 | D:4      | Reached skill level 8 in Axes
  3909 | D:5      | Entered Level 5 of the Dungeon
  4102 | D:5      | Found a shimmering altar of Xom.
  4102 | D:5      | Found a burning altar of Makhleb.
  4103 | D:5      | Found a bloodstained altar of Trog.
  4236 | D:5      | Reached XP level 8. HP: 57/71 MP: 7/7
  4419 | D:5      | Reached skill level 9 in Axes
  4675 | D:5      | Reached skill level 10 in Axes
  4975 | D:5      | Found an ancient bone altar of Kikubaaqudgha.
  5667 | D:6      | Reached XP level 9. HP: 60/81 MP: 8/8
  5971 | D:6      | Reached skill level 11 in Axes
  6329 | D:6      | Found a staircase to the Ecumenical Temple.
  7097 | D:7      | Reached *** piety under Trog
  7098 | D:7      | Reached skill level 12 in Axes
  7260 | D:7      | Reached skill level 1 in Shields
  7670 | D:7      | Noticed Menkaure
  7675 | D:7      | Killed Menkaure
  8190 | D:8      | Found a transporter.
  8190 | D:8      | Noticed 12572944's ghost (novice HOFi)
  8195 | D:8      | Identified the +6 great mace "Exkan" {vorpal, *Rage Fly
                  | rF++ SInv}
  8221 | D:8      | Reached XP level 10. HP: 57/91 MP: 6/9
  8485 | D:8      | Found a transporter.
  9044 | D:8      | Identified the +4 arbalest of the Spectre {penet, rC+}
  9226 | D:9      | Reached skill level 13 in Axes
  9684 | D:9      | Noticed a two-headed ogre
  9694 | D:9      | Killed a two-headed ogre
  9695 | D:9      | Reached skill level 10 in Fighting
 10139 | D:9      | Found a staircase to the Orcish Mines.
 10200 | D:9      | Noticed a flayed ghost
 10200 | D:9      | Noticed a tengu warrior
 10200 | D:9      | Noticed a skeletal warrior
 10201 | D:9      | Found a runed translucent door.
 10203 | D:9      | Noticed a steelbarb worm
 10203 | D:9      | Noticed a cyclops
 10203 | D:9      | Noticed a centaur warrior
 10395 | D:9      | Noticed a shining eye
 10433 | D:10     | Entered Level 10 of the Dungeon
 10443 | D:10     | Reached **** piety under Trog
 10481 | D:10     | Found a flagged portal.
 10489 | Bailey   | Entered a bailey
 10575 | Bailey   | Reached skill level 14 in Axes
 10636 | Bailey   | Reached skill level 10 in Armour
 10919 | Bailey   | Found a burning altar of Makhleb.
 11223 | D:10     | Reached XP level 11. HP: 89/101 MP: 7/10
 11528 | D:10     | Noticed a two-headed ogre
 11538 | D:10     | Killed a two-headed ogre
 11550 | D:10     | Reached skill level 5 in Shields
 12420 | D:11     | Identified the +3 short sword "Xyst" {freeze, rElec rF-
                  | rC+++ Dex+2}
 12430 | D:11     | Reached skill level 15 in Axes
 12511 | D:11     | Noticed a two-headed ogre
 12516 | D:11     | Killed a two-headed ogre
 12567 | D:11     | Noticed a catoblepas
 12615 | D:11     | Noticed a boulder beetle
 12637 | D:11     | Killed a boulder beetle
 12694 | D:11     | Noticed a two-headed ogre
 12698 | D:11     | Killed a two-headed ogre
 12699 | D:11     | Noticed a two-headed ogre
 12704 | D:11     | Killed a two-headed ogre
 12710 | D:11     | Noticed a five-headed hydra
 12711 | D:11     | Killed a five-headed hydra
 12715 | D:11     | Noticed a seven-headed hydra
 12718 | D:11     | Reached skill level 16 in Axes
 12721 | D:11     | Reached XP level 12. HP: 76/112 MP: 11/11
 12728 | D:11     | HP: 5/112 [seven-headed hydra (4)]
 12728 | D:11     | Slain by a seven-headed hydra

Illustrated notes

Levels and vault maps discovered:
D:1:      dpeg_arrival_court, layout_basic,
          hellmonk_ecumenical_altar_pennies_from_heaven, st_stairs_7,
          nrook_uturn
D:2:      layout_loops_ring, basic_altar
D:3:      layout_rooms
D:4:      layout_basic, dancing_weapons_uskayaw, serial_corexii_hall,
          chequers_hall_statues_wall_a, chequers_hall_statues_y,
          biasface_ghost_orc_armoury, sigmund_edmund_badplayer
D:5:      layout_loops_ring, tgw_kikubaaqudgha,
          chequers_temple_overflow_statue_of_worship
D:6:      layout_cave_pods, minmay_temple_entry_enclosed_plants,
          mrwooster_statue_mirror
D:7:      layout_basic, kennysheep_generic_room_9, uniq_menkaure
D:8:      layout_gridville, gammafunk_ghost_smash, kennysheep_doodads
D:9:      minmay_gate_of_8, layout_loops_ring, hiddenorc1_lemuel
D:10:     kennysheep_steamy, layout_stronghold, enter_bailey_3
D:11:     minmay_the_grid_octo_2x2 [minmay_the_grid_octo_toaster,
          minmay_the_grid_octo_fan_narrow, minmay_the_grid_octo_checkerflower,
          minmay_the_grid_octo_prize_square_snowflake], layout_loops_ring,
          erik_lair_dragon, grunt_decor_clamped, minmay_misc_feat_room,
          st_stairs_5

Skill      XL: |  1  2  3  4  5  6  7  8  9 10 11 |
---------------+----------------------------------+-----
Axes           | 4 5 6 7 8 10 12 14 16 | 16.0
Fighting       | 4 5 6 8 9 10 11 | 11.9
Armour         | 3 4 6 7 8 10 11 | 11.4
Shields        | 2 4 6 |  6.8
Dodging        | |  2.1

Action                   |  1- 3 |  4- 6 |  7- 9 | 10-12 || total
-------------------------+-------+-------+-------+-------++-------
Melee: Hand axe          |    72 |    48 |       |       ||   120
       Headbutt          |     3 |     5 |    37 |    54 ||    99
       War axe           |       |    37 |   262 |   293 ||   592
Throw: Dart              |       |       |       |    28 ||    28
       Javelin           |       |       |       |     3 ||     3
Invok: Berserk           |     3 |     6 |    10 |     8 ||    27
       Trog's Hand       |       |     1 |     5 |     2 ||     8
       Brothers in Arms  |       |       |       |     2 ||     2
Evoke: Wand              |       |       |       |     2 ||     2
  Use: Scroll            |       |     5 |     2 |       ||     7
       Potion            |       |       |     3 |       ||     3
Armor: Animal skin       |    33 |     6 |       |       ||    39
       Chain mail        |       |    17 |   160 |    82 ||   259
Dodge: Dodged            |    40 |    26 |   126 |    67 ||   259
Block: Buckler           |     4 |    12 |    41 |    28 ||    85
       Kite shield       |       |       |       |   123 ||   123
